Stars vs Wild

Created - January-16-15 at 17:41

Goals
1 2 3 T
Stars 1 1 1 3
Wild 1 0 0 1
Shots
1 2 3 T
Stars 3 10 15 28
Wild 13 9 2 24

1st period

1. Stars , Brandon Dubinsky 8 (Mark Scheifele, Travis Hamonic) at 15:32
2. Wild , Bobby Ryan 18 (Marian Gaborik, Fedor Tyutin) at 19:19

Penalties :
No Penalty

2nd period

3. Stars , Shea Weber 20 (Jason Spezza, Eric Staal) at 5:01 (PP)

Penalties :
Michael Stone (MIN) for Tripping (Minor) at 3:33, Eric Staal (DAL) for Hooking (Minor) at 6:31, Zdeno Chara (DAL) for Roughing (Minor) at 15:36, Travis Hamonic (DAL) for Holding (Minor) at 17:46

3rd period

4. Stars , Jason Spezza 15 (Jarome Iginla, Eric Staal) at 3:32

Penalties :
Marian Gaborik (MIN) for Elbowing (Minor) at 3:47, Chris Phillips (MIN) for Holding (Minor) at 11:22

Goalie Stats

Semyon Varlamov (DAL), 23 saves from 24 shots - (0.958), W, 20-11-3, 60:00 minutes
Josh Harding (MIN), 25 saves from 28 shots - (0.893), L, 14-20-1, 60:00 minutes

Players Stats for Stars

Player Name              G  A  P  +/- PIM S  H  SB GA TA FO     MP     PP MP  PK MP  
------------------------------------------------------------------------------------
Alec Martinez            0  0  0   0  0   0  0  0  0  0  0/0    18:29   2:46   0:32 
Andy Greene              0  0  0  -1  0   2  0  2  0  0  0/0    17:05   2:40   3:02 
Brandon Dubinsky         1  0  1   1  0   3  2  0  0  0  2/2    18:47   0:00   3:09 
Brenden Dillon           0  0  0  -1  0   0  2  1  0  0  0/0    13:25   0:00   2:02 
Clayton Stoner           0  0  0   1  0   1  2  0  0  0  0/0     6:22   0:00   0:00 
Eric Staal               0  2  2   0  2   2  0  0  0  0  4/6    21:03   2:05   2:04 
Evgeni Malkin            0  0  0   0  0   2  2  0  0  0  13/28  19:25   3:21   0:00 
James van Riemsdyk       0  0  0   0  0   2  3  0  0  0  0/1    19:25   3:21   0:00 
Jarome Iginla            0  1  1   0  0   2  0  0  0  0  1/1    21:48   2:05   2:48 
Jarret Stoll             0  0  0   1  0   0  0  0  0  0  10/19  18:26   0:00   2:48 
Jason Spezza             1  1  2   0  0   4  0  0  0  0  16/23  19:00   2:05   0:00 
John Erskine             0  0  0   1  0   0  1  0  0  0  0/0     6:22   0:00   0:00 
Mark Scheifele           0  1  1   1  0   1  0  0  0  0  0/0    12:05   0:00   0:00 
Shea Weber               1  0  1   1  0   2  0  1  0  0  0/0    21:16   2:40   2:55 
Sheldon Brookbank        0  0  0   0  0   0  0  0  0  0  0/0     3:33   0:00   0:00 
Travis Hamonic           0  1  1   1  2   0  0  1  0  0  0/0    17:22   0:00   1:42 
Tyler Seguin             0  0  0   0  0   6  0  0  0  0  0/2    20:30   3:21   1:05 
Zdeno Chara              0  0  0   0  2   1  2  4  0  0  0/0    19:37   2:46   1:41 

Players Stats for Wild

Player Name              G  A  P  +/- PIM S  H  SB GA TA FO     MP     PP MP  PK MP  
------------------------------------------------------------------------------------
Adam Hall                0  0  0   0  0   0  0  0  0  0  3/7     3:29   0:00   2:48 
Bobby Ryan               1  0  1   0  0   4  2  0  0  0  10/23  17:25   0:00   0:00 
Chris Phillips           0  0  0   0  2   2  1  0  0  0  0/0    14:49   0:00   2:08 
Daniel Alfredsson        0  0  0  -1  0   3  1  1  0  0  3/4    24:22   3:04   3:13 
Erik Cole                0  0  0   0  0   1  0  0  0  0  0/3    17:51   3:04   1:40 
Fedor Tyutin             0  1  1  -1  0   3  2  1  0  0  0/0    22:52   2:32   1:07 
Jesse Winchester         0  0  0   0  0   1  3  0  0  0  1/2    13:28   0:00   0:21 
John-Michael Liles       0  0  0   0  0   1  0  1  0  0  0/0    17:21   2:32   2:07 
Marco Scandella          0  0  0  -1  0   0  0  1  0  0  0/0    19:42   0:00   2:11 
Marian Gaborik           0  1  1   0  2   4  0  0  0  0  0/1    20:17   2:53   0:00 
Mark Streit              0  0  0   0  0   0  0  2  0  0  0/0    21:49   3:25   0:00 
Michael Ryder            0  0  0  -1  0   1  1  0  0  0  0/2    20:31   2:53   0:00 
Michael Stone            0  0  0   0  2   3  0  2  0  0  0/0    20:06   3:25   0:00 
Mikko Koivu              0  0  0  -1  0   1  0  0  0  0  11/19  20:17   2:53   0:00 
Milan Michalek           0  0  0   0  0   0  2  0  0  0  1/2    21:29   3:04   0:33 
Pierre-Marc Bouchard     0  0  0   0  0   0  0  0  0  0  7/19   15:24   0:00   2:17 
Rob Scuderi              0  0  0   0  0   0  0  0  0  0  0/0     3:19   0:00   3:19 
Rostislav Klesla         0  0  0   0  0   0  0  0  0  0  0/0     0:00   0:00   0:00 

3 Stars

1 - Semyon Varlamov (DAL)
2 - Jason Spezza (DAL)
3 - Brandon Dubinsky (DAL)

Power Play

Stars - 1 on 3 Attempt(s) - 33.33%
Wild - 0 on 3 Attempt(s) - 0.00%

Penalty Kill

Stars - 3 on 3 Attempt(s) - 100.00% - Score 0 goal in Penalty Kill
Wild - 2 on 3 Attempt(s) - 66.67% - Score 0 goal in Penalty Kill

Team Stat

Stars - Hits : 14 - Faceoff Wins : 46 - Blocked Shots : 9 - Penalty Minutes : 6
Wild - Hits : 12 - Faceoff Wins : 36 - Blocked Shots : 8 - Penalty Minutes : 6

Official

Referees : Dave Jackson and Francis Charron
Linesman : Derek Nansen and Scott Driscoll

Game Notes

No Game Note

Finance

Level 1 -- Attendance: 6449 (99.22%) -- Ticket Income $644,900
Level 2 -- Attendance: 4884 (97.68%) -- Ticket Income $293,040
Level 3 -- Attendance: 3500 (100.00%) -- Ticket Income $122,500
Level 4 -- Attendance: 2064 (100.00%) -- Ticket Income $41,280
Luxury Box -- Attendance: 956 (95.60%) -- Ticket Income $191,200
Game was played at the Xcel Energy Center'
Total Attendance: 17853 (98.83%)
Total Ticket Income: $1,292,920
Other Income: $193,938
Total Income: $1,486,858

% Time on Ice - Stars

Lines # - Real PCT - Wanted PCT - Time Play
Normal Forward
1 - 33% - 34% - 16:04
2 - 35% - 32% - 16:55
3 - 25% - 24% - 12:05
4 - 7% - 10% - 3:33
Normal Defense
1 - 32% - 32% - 15:41
2 - 31% - 32% - 15:11
3 - 23% - 26% - 11:23
4 - 13% - 10% - 6:22
PP Forward
1 - 62% - 65% - 3:21
2 - 38% - 35% - 2:05
PP Defense
1 - 51% - 60% - 2:46
2 - 49% - 40% - 2:40
PK Forward
1 - 53% - 52% - 3:09
2 - 47% - 48% - 2:48
PK Defense
1 - 49% - 60% - 2:55
2 - 51% - 40% - 3:02
PK3 Forward
1 - 0% - 56%
2 - 0% - 44%
PK3 Defense
1 - 0% - 60%
2 - 0% - 40%
44 Forward
1 - 0% - 60%
2 - 0% - 40%
44 Defense
1 - 0% - 60%
2 - 0% - 40%
Last Minute Offensive  - 0:00
Last Minute Defensive  - 0:00
Total
Forward - 60:00
Defense - 60:00

% Time on Ice - Wild

Lines # - Real PCT - Wanted PCT - Time Play
Normal Forward
1 - 36% - 45% - 17:24
2 - 36% - 44% - 17:25
3 - 27% - 7% - 13:07
4 - 1% - 4% - 0:41
Normal Defense
1 - 36% - 40% - 17:31
2 - 34% - 30% - 16:19
3 - 26% - 25% - 12:42
4 - 4% - 5% - 2:05
PP Forward
1 - 52% - 50% - 3:04
2 - 48% - 50% - 2:53
PP Defense
1 - 57% - 50% - 3:25
2 - 43% - 50% - 2:32
PK Forward
1 - 48% - 50% - 2:38
2 - 52% - 50% - 2:48
PK Defense
1 - 61% - 50% - 3:19
2 - 39% - 50% - 2:07
PK3 Forward
1 - 0% - 50%
2 - 0% - 50%
PK3 Defense
1 - 0% - 50%
2 - 0% - 50%
44 Forward
1 - 0% - 50%
2 - 0% - 50%
44 Defense
1 - 0% - 50%
2 - 0% - 50%
Last Minute Offensive  - 0:00
Last Minute Defensive  - 0:00
Total
Forward - 60:00
Defense - 60:00

Play by Play

1st period


0:01 of 1st period - Mikko Koivu wins face-off versus Evgeni Malkin in neutral zone.
0:01 of 1st period - Mikko Koivu is hit by James van Riemsdyk.
0:12 of 1st period - Shot by Mikko Koivu.
0:12 of 1st period - Shot Misses the Net.
0:14 of 1st period - Shot by Fedor Tyutin.
0:14 of 1st period - Stopped by Semyon Varlamov without a rebound.
0:15 of 1st period - Jason Spezza wins face-off versus Bobby Ryan in Stars zone.
0:50 of 1st period - Icing by Alec Martinez.
0:51 of 1st period - Mikko Koivu wins face-off versus Jason Spezza in Stars zone.
0:57 of 1st period - Mikko Koivu is hit by Zdeno Chara and loses puck.
1:04 of 1st period - Shot by Daniel Alfredsson.
1:04 of 1st period - Stopped by Semyon Varlamov with a rebound.
1:06 of 1st period - Shot by John-Michael Liles.
1:06 of 1st period - Shot Misses the Net.
1:08 of 1st period - Shot by Mikko Koivu.
1:08 of 1st period - Shot Blocked by Zdeno Chara.
1:10 of 1st period - Shot by Chris Phillips.
1:10 of 1st period - Stopped by Semyon Varlamov with a rebound.
1:12 of 1st period - Shot by Daniel Alfredsson.
1:12 of 1st period - Stopped by Semyon Varlamov without a rebound.
1:13 of 1st period - Pierre-Marc Bouchard wins face-off versus Jarret Stoll in Stars zone.
1:32 of 1st period - Brenden Dillon is hit by Jesse Winchester and loses puck.
1:52 of 1st period - Pierre-Marc Bouchard is hit by Brenden Dillon.
2:31 of 1st period - Icing by Andy Greene.
2:32 of 1st period - Bobby Ryan wins face-off versus Jarret Stoll in Stars zone.
2:37 of 1st period - Shot by Bobby Ryan.
2:37 of 1st period - Shot Misses the Net.
2:39 of 1st period - Shot by Marian Gaborik.
2:39 of 1st period - Shot Blocked by Andy Greene.
2:43 of 1st period - Shot by Bobby Ryan.
2:43 of 1st period - Stopped by Semyon Varlamov without a rebound.
2:44 of 1st period - Evgeni Malkin wins face-off versus Bobby Ryan in Stars zone.
2:51 of 1st period - Shot by Evgeni Malkin.
2:51 of 1st period - Deflect By Tyler Seguin.
2:51 of 1st period - Stopped by Josh Harding without a rebound.
2:52 of 1st period - Evgeni Malkin wins face-off versus Michael Ryder in Wild zone.
2:57 of 1st period - Shot by James van Riemsdyk.
2:57 of 1st period - Shot Misses the Net.
3:20 of 1st period - Icing by Mark Streit.
3:21 of 1st period - Mikko Koivu wins face-off versus Jason Spezza in Wild zone.
3:31 of 1st period - Shot by Jarome Iginla.
3:31 of 1st period - Shot Misses the Net.
3:42 of 1st period - Shot by Jason Spezza.
3:42 of 1st period - Shot Blocked by Mark Streit.
3:44 of 1st period - Shot by Clayton Stoner.
3:44 of 1st period - Shot Misses the Net.
4:25 of 1st period - Shot by Evgeni Malkin.
4:25 of 1st period - Shot Blocked by Mark Streit.
5:32 of 1st period - Shot by Marian Gaborik.
5:32 of 1st period - Shot Misses the Net.
5:34 of 1st period - Shot by Milan Michalek.
5:34 of 1st period - Deflect By Bobby Ryan.
5:34 of 1st period - Stopped by Semyon Varlamov without a rebound.
5:35 of 1st period - Jarret Stoll wins face-off versus Pierre-Marc Bouchard in Stars zone.
6:11 of 1st period - Jesse Winchester is hit by Brandon Dubinsky and loses puck.
6:46 of 1st period - Shot by Marian Gaborik.
6:46 of 1st period - Shot Blocked by Andy Greene.
6:49 of 1st period - Icing by Andy Greene.
6:50 of 1st period - Jason Spezza wins face-off versus Bobby Ryan in Stars zone.
7:18 of 1st period - Fedor Tyutin is hit by Brenden Dillon and loses puck.
7:47 of 1st period - Icing by Michael Stone.
7:48 of 1st period - Evgeni Malkin wins face-off versus Pierre-Marc Bouchard in Wild zone.
8:06 of 1st period - Icing by Mark Streit.
8:07 of 1st period - Jarret Stoll wins face-off versus Pierre-Marc Bouchard in Wild zone.
8:17 of 1st period - Icing by Erik Cole.
8:18 of 1st period - Evgeni Malkin wins face-off versus Pierre-Marc Bouchard in Wild zone.
8:19 of 1st period - Shot by James van Riemsdyk.
8:19 of 1st period - Shot Blocked by Michael Stone.
8:58 of 1st period - Shot by Marian Gaborik.
8:58 of 1st period - Stopped by Semyon Varlamov without a rebound.
8:59 of 1st period - Mikko Koivu wins face-off versus Jarret Stoll in Stars zone.
9:08 of 1st period - Shot by Mikko Koivu.
9:08 of 1st period - Shot Blocked by Zdeno Chara.
9:10 of 1st period - Shot by John-Michael Liles.
9:10 of 1st period - Stopped by Semyon Varlamov with a rebound.
9:12 of 1st period - Shot by Daniel Alfredsson.
9:12 of 1st period - Stopped by Semyon Varlamov without a rebound.
9:13 of 1st period - Bobby Ryan wins face-off versus Jason Spezza in Stars zone.
10:15 of 1st period - Travis Hamonic is hit by Michael Ryder and loses puck.
10:25 of 1st period - Icing by Chris Phillips.
10:26 of 1st period - Mikko Koivu wins face-off versus Jarret Stoll in Wild zone.
10:41 of 1st period - Shot by Mikko Koivu.
10:41 of 1st period - Shot Misses the Net.
12:34 of 1st period - Shot by Marian Gaborik.
12:34 of 1st period - Stopped by Semyon Varlamov without a rebound.
12:35 of 1st period - Mikko Koivu wins face-off versus Jarret Stoll in Stars zone.
14:49 of 1st period - Icing by Fedor Tyutin.
14:50 of 1st period - Bobby Ryan wins face-off versus Evgeni Malkin in Wild zone.
15:01 of 1st period - Shot by Marian Gaborik.
15:01 of 1st period - Stopped by Semyon Varlamov without a rebound.
15:02 of 1st period - Brandon Dubinsky wins face-off versus Daniel Alfredsson in Stars zone.
15:32 of 1st period - Shot by Brandon Dubinsky.
15:32 of 1st period - Goal by Brandon Dubinsky - Stars : 1 - Wild : 0.
15:33 of 1st period - Evgeni Malkin wins face-off versus Marian Gaborik in neutral zone.
15:57 of 1st period - Icing by Brenden Dillon.
15:58 of 1st period - Mikko Koivu wins face-off versus James van Riemsdyk in Stars zone.
16:19 of 1st period - Shot by Tyler Seguin.
16:19 of 1st period - Stopped by Josh Harding without a rebound.
16:20 of 1st period - Jarret Stoll wins face-off versus Bobby Ryan in Wild zone.
17:42 of 1st period - Shot by Mikko Koivu.
17:42 of 1st period - Stopped by Semyon Varlamov without a rebound.
17:43 of 1st period - Pierre-Marc Bouchard wins face-off versus Evgeni Malkin in Stars zone.
17:47 of 1st period - Icing by Shea Weber.
17:48 of 1st period - Pierre-Marc Bouchard wins face-off versus Evgeni Malkin in Stars zone.
18:33 of 1st period - Shea Weber is hit by Jesse Winchester and loses puck.
19:19 of 1st period - Shot by Bobby Ryan.
19:19 of 1st period - Goal by Bobby Ryan - Stars : 1 - Wild : 1.
19:20 of 1st period - Jarret Stoll wins face-off versus Michael Ryder in neutral zone.
19:47 of 1st period - Michael Stone is hit by John Erskine.
Goals for this period are 1 for Stars vs 1 for Wild.
Shots for this period are 3 for Stars vs 13 for Wild.

2nd period


0:01 of 2nd period - Evgeni Malkin wins face-off versus Bobby Ryan in neutral zone.
0:10 of 2nd period - Shot by Bobby Ryan.
0:10 of 2nd period - Shot Blocked by Zdeno Chara.
0:12 of 2nd period - Shot by Fedor Tyutin.
0:12 of 2nd period - Stopped by Semyon Varlamov without a rebound.
0:13 of 2nd period - Jason Spezza wins face-off versus Mikko Koivu in Stars zone.
0:50 of 2nd period - Brenden Dillon is hit by Daniel Alfredsson and loses puck.
0:54 of 2nd period - Icing by Brenden Dillon.
0:55 of 2nd period - Jason Spezza wins face-off versus Bobby Ryan in Stars zone.
1:14 of 2nd period - Eric Staal is hit by Bobby Ryan.
1:27 of 2nd period - Icing by Fedor Tyutin.
1:28 of 2nd period - Bobby Ryan wins face-off versus Evgeni Malkin in Wild zone.
2:11 of 2nd period - Shot by James van Riemsdyk.
2:11 of 2nd period - Stopped by Josh Harding without a rebound.
2:12 of 2nd period - Pierre-Marc Bouchard wins face-off versus Jarret Stoll in Wild zone.
2:48 of 2nd period - Shot by Erik Cole.
2:48 of 2nd period - Shot Misses the Net.
2:50 of 2nd period - Shot by Jesse Winchester.
2:50 of 2nd period - Shot Misses the Net.
3:26 of 2nd period - Shot by Jarome Iginla.
3:26 of 2nd period - Shot Misses the Net.
3:28 of 2nd period - Shot by Clayton Stoner.
3:28 of 2nd period - Shot Misses the Net.
3:30 of 2nd period - Shot by Eric Staal.
3:30 of 2nd period - Shot Blocked by Michael Stone.
3:33 of 2nd period - Minor Penalty to Michael Stone for Tripping.
3:34 of 2nd period - Evgeni Malkin wins face-off versus Adam Hall in Wild zone.
3:46 of 2nd period - Off-side.
3:47 of 2nd period - Pierre-Marc Bouchard wins face-off versus Evgeni Malkin in neutral zone.
4:00 of 2nd period - Shot by Zdeno Chara.
4:00 of 2nd period - Shot Misses the Net.
4:22 of 2nd period - Shot by Tyler Seguin.
4:22 of 2nd period - Stopped by Josh Harding with a rebound.
4:24 of 2nd period - Shot by Zdeno Chara.
4:24 of 2nd period - Shot Misses the Net.
4:50 of 2nd period - Shot by Shea Weber.
4:50 of 2nd period - Stopped by Josh Harding with a rebound.
5:01 of 2nd period - Shot by Shea Weber.
5:01 of 2nd period - Goal by Shea Weber - Stars : 2 - Wild : 1.
5:02 of 2nd period - Bobby Ryan wins face-off versus Jarret Stoll in neutral zone.
5:19 of 2nd period - Shot by Mark Scheifele.
5:19 of 2nd period - Stopped by Josh Harding with a rebound.
5:26 of 2nd period - Milan Michalek is hit by Clayton Stoner and loses puck.
5:34 of 2nd period - Bobby Ryan is hit by Clayton Stoner and loses puck.
5:45 of 2nd period - Shot by Marian Gaborik.
5:45 of 2nd period - Deflect By Bobby Ryan.
5:45 of 2nd period - Stopped by Semyon Varlamov without a rebound.
5:46 of 2nd period - Mikko Koivu wins face-off versus Evgeni Malkin in Stars zone.
6:14 of 2nd period - Off-side.
6:15 of 2nd period - Jason Spezza wins face-off versus Pierre-Marc Bouchard in neutral zone.
6:31 of 2nd period - Minor Penalty to Eric Staal for Hooking.
6:32 of 2nd period - Mikko Koivu wins face-off versus Tyler Seguin in Stars zone.
7:09 of 2nd period - Shot by Marian Gaborik.
7:09 of 2nd period - Stopped by Semyon Varlamov without a rebound.
7:10 of 2nd period - Jarret Stoll wins face-off versus Erik Cole in Stars zone.
7:25 of 2nd period - Shot by Jarome Iginla.
7:25 of 2nd period - Shot Blocked by Fedor Tyutin.
7:31 of 2nd period - Shot by Fedor Tyutin.
7:31 of 2nd period - Shot Misses the Net.
8:12 of 2nd period - Shot by Mikko Koivu.
8:12 of 2nd period - Shot Misses the Net.
8:48 of 2nd period - Icing by Clayton Stoner.
8:49 of 2nd period - Evgeni Malkin wins face-off versus Adam Hall in Stars zone.
8:49 of 2nd period - Evgeni Malkin is hit by Milan Michalek.
9:05 of 2nd period - Shot by Evgeni Malkin.
9:05 of 2nd period - Shot Misses the Net.
9:07 of 2nd period - Shot by Clayton Stoner.
9:07 of 2nd period - Stopped by Josh Harding with a rebound.
9:09 of 2nd period - Shot by John Erskine.
9:09 of 2nd period - Shot Misses the Net.
9:11 of 2nd period - Shot by Tyler Seguin.
9:11 of 2nd period - Shot Misses the Net.
9:15 of 2nd period - Shot by James van Riemsdyk.
9:15 of 2nd period - Stopped by Josh Harding without a rebound.
9:16 of 2nd period - Jarome Iginla wins face-off versus Bobby Ryan in Wild zone.
9:17 of 2nd period - Shot by Eric Staal.
9:17 of 2nd period - Stopped by Josh Harding without a rebound.
9:18 of 2nd period - Jason Spezza wins face-off versus Pierre-Marc Bouchard in Wild zone.
9:36 of 2nd period - Icing by Jarome Iginla.
9:37 of 2nd period - Jason Spezza wins face-off versus Mikko Koivu in Stars zone.
10:50 of 2nd period - Shot by Marian Gaborik.
10:50 of 2nd period - Deflect By Bobby Ryan.
10:50 of 2nd period - Shot Misses the Net.
10:52 of 2nd period - Shot by Michael Stone.
10:52 of 2nd period - Stopped by Semyon Varlamov without a rebound.
10:53 of 2nd period - Jarret Stoll wins face-off versus Bobby Ryan in Stars zone.
10:59 of 2nd period - Icing by Andy Greene.
11:00 of 2nd period - Jarret Stoll wins face-off versus Bobby Ryan in Stars zone.
11:10 of 2nd period - Off-side.
11:11 of 2nd period - Bobby Ryan wins face-off versus Evgeni Malkin in neutral zone.
11:28 of 2nd period - Shot by Marian Gaborik.
11:28 of 2nd period - Deflect By Bobby Ryan.
11:28 of 2nd period - Shot Misses the Net.
11:33 of 2nd period - Evgeni Malkin is hit by Bobby Ryan.
11:35 of 2nd period - Shot by Tyler Seguin.
11:35 of 2nd period - Stopped by Josh Harding without a rebound.
11:36 of 2nd period - Jason Spezza wins face-off versus Mikko Koivu in Wild zone.
11:36 of 2nd period - Jarome Iginla is hit by Fedor Tyutin and loses puck.
11:54 of 2nd period - Shot by Eric Staal.
11:54 of 2nd period - Shot Hit the Post.
12:59 of 2nd period - Icing by Michael Stone.
13:00 of 2nd period - Bobby Ryan wins face-off versus Evgeni Malkin in Wild zone.
13:00 of 2nd period - Marian Gaborik is hit by Evgeni Malkin and loses puck.
13:49 of 2nd period - Icing by Evgeni Malkin.
13:50 of 2nd period - Evgeni Malkin wins face-off versus Mikko Koivu in Stars zone.
14:25 of 2nd period - Shot by Marco Scandella.
14:25 of 2nd period - Shot Hit the Post.
14:27 of 2nd period - Shot by Daniel Alfredsson.
14:27 of 2nd period - Shot Blocked by Travis Hamonic.
14:29 of 2nd period - Shot by Michael Ryder.
14:29 of 2nd period - Shot Hit the Post.
14:42 of 2nd period - Icing by Jarret Stoll.
14:43 of 2nd period - Jesse Winchester wins face-off versus Jarret Stoll in Stars zone.
14:48 of 2nd period - Shot by Pierre-Marc Bouchard.
14:48 of 2nd period - Shot Misses the Net.
14:50 of 2nd period - Shot by John-Michael Liles.
14:50 of 2nd period - Shot Blocked by Shea Weber.
15:19 of 2nd period - Shot by Jesse Winchester.
15:19 of 2nd period - Stopped by Semyon Varlamov without a rebound.
15:20 of 2nd period - Bobby Ryan wins face-off versus Jason Spezza in Stars zone.
15:36 of 2nd period - Minor Penalty to Zdeno Chara for Roughing.
15:37 of 2nd period - Eric Staal wins face-off versus Mikko Koivu in Stars zone.
15:53 of 2nd period - Shot by Eric Staal.
15:53 of 2nd period - Deflect By Brandon Dubinsky.
15:53 of 2nd period - Stopped by Josh Harding with a rebound.
15:55 of 2nd period - Shot by Eric Staal.
15:55 of 2nd period - Shot Hit the Post.
16:43 of 2nd period - Shot by Michael Stone.
16:43 of 2nd period - Stopped by Semyon Varlamov with a rebound.
16:45 of 2nd period - Shot by Erik Cole.
16:45 of 2nd period - Stopped by Semyon Varlamov without a rebound.
16:46 of 2nd period - Brandon Dubinsky wins face-off versus Erik Cole in Stars zone.
16:57 of 2nd period - Shot by Erik Cole.
16:57 of 2nd period - Deflect By Milan Michalek.
16:57 of 2nd period - Shot Blocked by Brenden Dillon.
16:59 of 2nd period - Shot by Michael Stone.
16:59 of 2nd period - Stopped by Semyon Varlamov without a rebound.
17:00 of 2nd period - Jarret Stoll wins face-off versus Mikko Koivu in Stars zone.
17:46 of 2nd period - Minor Penalty to Travis Hamonic for Holding.
17:47 of 2nd period - Daniel Alfredsson wins face-off versus Eric Staal in Stars zone.
18:59 of 2nd period - Icing by Erik Cole.
19:00 of 2nd period - Eric Staal wins face-off versus Erik Cole in Wild zone.
19:41 of 2nd period - Shot by Fedor Tyutin.
19:41 of 2nd period - Stopped by Semyon Varlamov without a rebound.
19:42 of 2nd period - Mikko Koivu wins face-off versus Eric Staal in Stars zone.
Goals for this period are 1 for Stars vs 0 for Wild.
Shots for this period are 10 for Stars vs 9 for Wild.

3rd period


0:01 of 3rd period - Evgeni Malkin wins face-off versus Bobby Ryan in neutral zone.
0:10 of 3rd period - Marian Gaborik is hit by James van Riemsdyk and loses puck.
0:16 of 3rd period - Off-side.
0:17 of 3rd period - Jason Spezza wins face-off versus Mikko Koivu in neutral zone.
0:42 of 3rd period - Daniel Alfredsson is hit by Zdeno Chara and loses puck.
0:48 of 3rd period - Icing by Zdeno Chara.
0:49 of 3rd period - Jason Spezza wins face-off versus Milan Michalek in Stars zone.
1:04 of 3rd period - Shot by Eric Staal.
1:04 of 3rd period - Shot Blocked by Marco Scandella.
1:06 of 3rd period - Shot by Jason Spezza.
1:06 of 3rd period - Stopped by Josh Harding with a rebound.
2:26 of 3rd period - Shot by Mark Scheifele.
2:26 of 3rd period - Shot Misses the Net.
2:28 of 3rd period - Shot by Andy Greene.
2:28 of 3rd period - Stopped by Josh Harding with a rebound.
2:49 of 3rd period - Shot by Brandon Dubinsky.
2:49 of 3rd period - Stopped by Josh Harding without a rebound.
2:50 of 3rd period - Jason Spezza wins face-off versus Pierre-Marc Bouchard in Wild zone.
3:08 of 3rd period - Icing by Clayton Stoner.
3:09 of 3rd period - Jason Spezza wins face-off versus Bobby Ryan in Stars zone.
3:17 of 3rd period - Icing by Eric Staal.
3:18 of 3rd period - Bobby Ryan wins face-off versus Jason Spezza in Stars zone.
3:22 of 3rd period - Icing by Clayton Stoner.
3:23 of 3rd period - Jason Spezza wins face-off versus Bobby Ryan in Stars zone.
3:32 of 3rd period - Shot by Jason Spezza.
3:32 of 3rd period - Goal by Jason Spezza - Stars : 3 - Wild : 1.
3:33 of 3rd period - Bobby Ryan wins face-off versus Evgeni Malkin in neutral zone.
3:47 of 3rd period - Minor Penalty to Marian Gaborik for Elbowing.
3:48 of 3rd period - Adam Hall wins face-off versus Jason Spezza in Wild zone.
3:57 of 3rd period - Shot by Jason Spezza.
3:57 of 3rd period - Stopped by Josh Harding with a rebound.
3:59 of 3rd period - Shot by Zdeno Chara.
3:59 of 3rd period - Shot Misses the Net.
4:01 of 3rd period - Shot by Jarome Iginla.
4:01 of 3rd period - Stopped by Josh Harding without a rebound.
4:02 of 3rd period - Adam Hall wins face-off versus Tyler Seguin in Wild zone.
4:02 of 3rd period - Adam Hall is hit by Evgeni Malkin.
4:40 of 3rd period - Shot by Evgeni Malkin.
4:40 of 3rd period - Stopped by Josh Harding without a rebound.
4:41 of 3rd period - Eric Staal wins face-off versus Pierre-Marc Bouchard in Wild zone.
5:06 of 3rd period - Shot by Jarome Iginla.
5:06 of 3rd period - Shot Blocked by John-Michael Liles.
5:08 of 3rd period - Shot by Zdeno Chara.
5:08 of 3rd period - Stopped by Josh Harding without a rebound.
5:09 of 3rd period - Daniel Alfredsson wins face-off versus Evgeni Malkin in Wild zone.
5:31 of 3rd period - Shot by Shea Weber.
5:31 of 3rd period - Shot Misses the Net.
6:15 of 3rd period - Icing by Zdeno Chara.
6:16 of 3rd period - Mikko Koivu wins face-off versus Jarret Stoll in Stars zone.
6:19 of 3rd period - Shot by Mikko Koivu.
6:19 of 3rd period - Shot Misses the Net.
6:27 of 3rd period - Shot by Mikko Koivu.
6:27 of 3rd period - Shot Blocked by Zdeno Chara.
7:52 of 3rd period - Tyler Seguin is hit by Milan Michalek and loses puck.
8:01 of 3rd period - Shot by Evgeni Malkin.
8:01 of 3rd period - Shot Misses the Net.
8:03 of 3rd period - Shot by Tyler Seguin.
8:03 of 3rd period - Stopped by Josh Harding without a rebound.
8:04 of 3rd period - Jarret Stoll wins face-off versus Pierre-Marc Bouchard in Wild zone.
8:27 of 3rd period - Shot by Chris Phillips.
8:27 of 3rd period - Stopped by Semyon Varlamov without a rebound.
8:28 of 3rd period - Adam Hall wins face-off versus Evgeni Malkin in Stars zone.
8:37 of 3rd period - Shot by Tyler Seguin.
8:37 of 3rd period - Shot Blocked by Daniel Alfredsson.
8:39 of 3rd period - Shot by Andy Greene.
8:39 of 3rd period - Stopped by Josh Harding without a rebound.
8:40 of 3rd period - Pierre-Marc Bouchard wins face-off versus Evgeni Malkin in Wild zone.
8:40 of 3rd period - Pierre-Marc Bouchard is hit by James van Riemsdyk.
9:12 of 3rd period - Shot by Tyler Seguin.
9:12 of 3rd period - Shot Misses the Net.
9:25 of 3rd period - Icing by Mark Streit.
9:26 of 3rd period - Jarret Stoll wins face-off versus Pierre-Marc Bouchard in Wild zone.
9:52 of 3rd period - Shot by Brenden Dillon.
9:52 of 3rd period - Shot Misses the Net.
11:15 of 3rd period - Shot by Evgeni Malkin.
11:15 of 3rd period - Shot Misses the Net.
11:17 of 3rd period - Shot by Tyler Seguin.
11:17 of 3rd period - Stopped by Josh Harding without a rebound.
11:18 of 3rd period - Evgeni Malkin wins face-off versus Mikko Koivu in Wild zone.
11:18 of 3rd period - Zdeno Chara is hit by Chris Phillips and loses puck.
11:22 of 3rd period - Minor Penalty to Chris Phillips for Holding.
11:23 of 3rd period - Evgeni Malkin wins face-off versus Adam Hall in Wild zone.
11:44 of 3rd period - Shot by Evgeni Malkin.
11:44 of 3rd period - Stopped by Josh Harding without a rebound.
11:45 of 3rd period - Eric Staal wins face-off versus Adam Hall in Wild zone.
11:46 of 3rd period - Shot by Jason Spezza.
11:46 of 3rd period - Shot Misses the Net.
12:49 of 3rd period - Off-side.
12:50 of 3rd period - Evgeni Malkin wins face-off versus Jesse Winchester in neutral zone.
14:07 of 3rd period - Milan Michalek is hit by Brandon Dubinsky and loses puck.
15:11 of 3rd period - Icing by Shea Weber.
15:12 of 3rd period - Pierre-Marc Bouchard wins face-off versus Jason Spezza in Stars zone.
15:45 of 3rd period - Shot by Erik Cole.
15:45 of 3rd period - Shot Misses the Net.
15:50 of 3rd period - Icing by Alec Martinez.
15:51 of 3rd period - Daniel Alfredsson wins face-off versus Evgeni Malkin in Stars zone.
16:20 of 3rd period - Shot by Evgeni Malkin.
16:20 of 3rd period - Shot Misses the Net.
17:01 of 3rd period - Icing by Mark Streit.
17:02 of 3rd period - Jason Spezza wins face-off versus Bobby Ryan in Wild zone.
17:03 of 3rd period - Shot by Eric Staal.
17:03 of 3rd period - Stopped by Josh Harding with a rebound.
17:09 of 3rd period - Shot by Jason Spezza.
17:09 of 3rd period - Stopped by Josh Harding without a rebound.
17:10 of 3rd period - Jason Spezza wins face-off versus Pierre-Marc Bouchard in Wild zone.
17:23 of 3rd period - Shot by Pierre-Marc Bouchard.
17:23 of 3rd period - Shot Hit the Post.
17:25 of 3rd period - Shot by Chris Phillips.
17:25 of 3rd period - Shot Misses the Net.
17:37 of 3rd period - Shot by Jarome Iginla.
17:37 of 3rd period - Stopped by Josh Harding without a rebound.
17:38 of 3rd period - Milan Michalek wins face-off versus Evgeni Malkin in Wild zone.
18:24 of 3rd period - Evgeni Malkin is hit by Fedor Tyutin and loses puck.
19:18 of 3rd period - Shot by Michael Ryder.
19:18 of 3rd period - Stopped by Semyon Varlamov without a rebound.
19:19 of 3rd period - Jason Spezza wins face-off versus Pierre-Marc Bouchard in Stars zone.
19:19 of 3rd period - Jason Spezza is hit by Jesse Winchester.
19:25 of 3rd period - Shot by Travis Hamonic.
19:25 of 3rd period - Shot Misses the Net.
Goals for this period are 1 for Stars vs 0 for Wild.
Shots for this period are 15 for Stars vs 2 for Wild.


Output by the SimonT Hockey Simulator (STHS) for Stephane Roy -- Original Page W3C XHTML 1.0 Valid
Hockey Simulator - Hockey Simulation - Hockey Manager